 Dungeon Crawl Stone Soup version 0.26-a0-712-ga5a9c9c9d0 (webtiles) character file.

Game seed: 14196451489462516900

27773 Azzok the Victor of a Thousand Battles (level 13, 0/88 HPs)
             Began as a Demonspawn Fighter on Nov 4, 2020.
             Was the Champion of Okawaru.
             Slain by Frances
             ... wielding a +0 scimitar
              (2 damage)
             ... on level 12 of the Dungeon.
             The game lasted 00:20:32 (14277 turns).

Azzok the Victor of a Thousand Battles (DsFi)      Turns: 14277, Time: 00:20:32

Health: 0/88       AC: 25    Str: 21    XL:     13   Next: 6%
Magic:  24/24      EV:  5    Int: 10    God:    Okawaru [******]
Gold:   678        SH: 12    Dex: 13    Spells: 12/12 levels left

rFire    . . .     SeeInvis .   K - +1 broad axe (drain)
rCold    . . .     Faith    .   c - +0 kite shield
rNeg     . . .     Spirit   .   Z - +0 plate armour
rPois    +         Reflect  .   q - +0 helmet
rElec    .         Harm     .   P - +0 cloak {rPois}
rCorr    .         Rampage  .   S - +0 pair of gloves
MR       +....                  f - +0 pair of boots
Stlth    ..........             (no amulet)
HPRegen  0.24/turn              i - ring of protection from magic
MPRegen  0.19/turn              w - +4 ring of protection

@: mighty
A: talons 2, thin metallic scales 1, powered by death 2, spiny 2
a: Heroism, Finesse, Renounce Religion


You were on level 12 of the Dungeon.
You worshipped Okawaru.
Okawaru was exalted by your worship.
You visited 1 branch of the dungeon, and saw 13 of its levels.

You collected 678 gold pieces.

Inventory:

Hand Weapons
 j - a +4 antimagic hand axe
 A - a +0 hand axe of freezing
 C - a +2 short sword of electrocution
 H - a +5 spear of venom
 K - a +1 broad axe of draining (weapon)
 O - a +3 scimitar of flaming
 R - a +1 battleaxe of electrocution
 U - a +4 battleaxe of freezing
Armour
 c - a +0 kite shield (worn)
 f - a +0 pair of boots (worn)
 q - a +0 helmet (worn)
 P - a +0 cloak of poison resistance (worn)
 S - a +0 pair of gloves (worn)
 Z - a +0 plate armour (worn)
Jewellery
 i - a ring of protection from magic (left hand)
 w - a +4 ring of protection (right hand)
 X - an uncursed ring of positive energy
Wands
 a - a wand of acid (13)
 r - a wand of flame (34)
 y - a wand of digging (8)
 G - a wand of random effects (21)
 N - a wand of polymorph (17)
 V - a wand of enslavement (19)
Scrolls
 b - a scroll of enchant armour {unknown}
 e - 5 scrolls of blinking {unknown}
 g - 8 scrolls of teleportation
 l - 3 scrolls of fear {unknown}
 m - a scroll of fog {unknown}
 n - 5 scrolls of remove curse
 u - 4 scrolls of enchant weapon {unknown}
 v - 2 scrolls of noise {unknown}
 x - a scroll of random uselessness {unknown}
 z - a scroll of immolation {unknown}
 B - a scroll of acquirement {unknown}
 E - 2 scrolls of amnesia
 F - a scroll of torment
 L - 2 scrolls of identify
 T - a scroll of magic mapping
 W - 2 scrolls of silence
 Y - a scroll of summoning
Potions
 d - 2 potions of might
 h - 2 potions of stabbing
 k - a potion of haste
 o - 3 potions of curing
 p - 7 potions of mutation {!q}
 s - 2 potions of ambrosia
 t - 2 potions of lignification
 D - a potion of flight
 I - 5 potions of invisibility
 J - 2 potions of brilliance
 M - 2 potions of heal wounds
 Q - 2 potions of resistance


   Skills:
 - Level 4.1 Fighting
 + Level 12.3 Axes
 + Level 8.5 Armour
 - Level 9.2 Shields
 - Level 15.0 Invocations


You had 12 spell levels left.
You didn't know any spells.
Your spell library contained the following spells:

 Spells                   Type           Power        Failure   Level
 Animate Skeleton         Necr           #.....       100%        1
 Apportation              Tloc           #.....       100%        1
 Corona                   Hex            #......      100%        1
 Summon Small Mammal      Summ           #...         100%        1
 Ensorcelled Hibernation  Hex/Ice        #.....       100%        2
 Confusing Touch          Hex            #.......     100%        3
 Dazzling Flash           Conj/Hex       #.....       100%        3
 Tukima's Dance           Hex            #.......     100%        3
 Irradiate                Conj/Tmut      #.........   100%        5
 Hydra Form               Tmut           #.........   100%        6
 Statue Form              Tmut/Erth      #........    100%        6
 Dragon Form              Tmut           #.........   100%        7


Dungeon Overview and Level Annotations

Branches:
Dungeon (13/15)            Temple (0/1) D:5            Lair (0/6) D:10
    Orc (0/2) D:12
 Vaults: D:13-14

Altars:
Dithmenos
Gozag
Nemelex Xobeh
Okawaru
Qazlal
Trog
Uskayaw
Xom
Yredelemnul

Annotations:
D:12 Frances


Innate Abilities, Weirdness & Mutations

You have razor-sharp toenails.
You are partially covered in thin metallic scales. (AC +2)
You regenerate health from kills.
You are mostly covered in sharp spines.


Message History

Frances is severely wounded.
Frances hits you but does no damage. You block Frances's attack.
You slash Frances!
Frances is severely wounded.
Frances whispers indecipherable words.
You block the shard of ice.
You barely miss Frances.
Frances is severely wounded.
Frances is struck by your spines. Frances hits you but does no damage.
You slice Frances!!
Frances is almost dead.
Frances screams a word of power!
The iron shot hits you!
* * * LOW HITPOINT WARNING * * *
Frances is struck by your spines. Frances hits you with a +0 scimitar!
* * * LOW HITPOINT WARNING * * *
You completely miss Frances.
Frances is almost dead.
Frances hits you with a +0 scimitar.
You die...

▒····▒▒▒▒ ▒
▒▒▒▒····▒ ▒
▒▒▒▒▒▒▒▒·▒▒▒ ▒
▒··········▒ ▒
▒··········▒ ▒
▒<·····[···▒ ▒▒
▒··········▒▒▒▒▒▒▒·
▒@················)
▒·@········▒▒▒▒▒▒▒)
▒··········▒ ▒)
▒▒▒▒▒▒▒·▒▒▒▒ ▒) ▒·▒
▒( ▒·▒▒ ▒·
▒▒··▒▒▒▒▒▒▒ ▒·
▒·········▒▒▒(
▒············(
▒····♣♣······(


You could see Frances (fast, drained).

Vanquished Creatures
  2 vault guards (D:13)
  Erolcha (D:13)
  A boulder beetle (D:12)
  A hydra (D:12)
  Harold (D:7)
  2 centaur warriors
  Erica (D:8)
  4 two-headed ogres
  Sonja (D:11)
  3 unseen horrors
  A deep elf archer (D:13)
  2 wizards (D:13)
  An orc knight (D:12)
  A manticore (D:12)
  An ugly thing (D:11)
  An oklob plant (D:10)
  2 cyclopes
  A centaur zombie (D:13)
  2 gargoyles (D:13)
  Psyche (D:8)
  A redback zombie (D:13)
  4 trolls
  A hornet (D:13)
  A wraith (D:12)
  8 yaks
  Grum (D:8)
  A steam dragon (D:11)
  A water moccasin (D:9)
  6 black bears
  4 sky beasts
  11 ogres
  7 orc warriors
  An eye of draining (D:12)
  2 phantoms
  3 wolves (D:7)
  3 ice beasts
  A necrophage (D:11)
  20 centaurs
  2 big kobolds
  3 gnoll sergeants
  9 bullfrogs
  A wyvern skeleton (D:11)
  4 scorpions
  4 jellies
  9 killer bees (D:12)
  2 howler monkeys
  10 wights
  7 orc priests
  A bullfrog skeleton (D:12)
  2 bullfrog zombies
  6 centaur skeletons
  6 hounds
  Ijyb (D:3)
  An iguana (D:8)
  17 orc wizards
  8 worker ants
  A hound zombie (D:7)
  A hound skeleton (D:6)
  A howler monkey zombie (D:7)
  Robin (D:2)
  11 gnolls
  10 adders
  A shadow imp (D:12)
  3 oozes
  An adder skeleton (D:4)
  An adder zombie (D:6)
  2 worms
  2 dart slugs
  4 leopard geckos
  72 orcs
  5 giant cockroaches
  18 goblins
  7 hobgoblins
  3 jackals (D:2)
  16 kobolds
  3 quokkas
  8 bats
  6 frilled lizards
  A giant cockroach zombie (D:6)
  2 gnoll zombies (D:2)
  A jackal zombie (D:6)
  A leopard gecko zombie (D:7)
  4 rats
385 creatures vanquished.

Vanquished Creatures (others)
  5 dream sheep (D:11)
  An orc wizard (D:6)
  A goblin (D:3)
7 creatures vanquished.

Grand Total: 392 creatures vanquished

Notes
Turn   | Place    | Note
-------+----------+-------------------------------------------
     0 | D:1      | Azzok the Demonspawn Fighter began the quest for the Orb.
     0 | D:1      | Reached XP level 1. HP: 18/18 MP: 1/1
   136 | D:1      | Gained mutation: You are partially covered in sharp spines.
                  | [demonic ancestry]
   136 | D:1      | Reached XP level 2. HP: 24/24 MP: 2/2
   671 | D:2      | Gained mutation: You are mostly covered in sharp spines.
                  | [demonic ancestry]
   671 | D:2      | Reached XP level 3. HP: 29/29 MP: 1/3
   673 | D:2      | Noticed Robin
   683 | D:2      | Killed Robin
   784 | D:2      | Gained mutation: You have sharp toenails. [demonic
                  | ancestry]
   784 | D:2      | Reached XP level 4. HP: 28/37 MP: 4/4
  1008 | D:2      | Found a stormy altar of Qazlal.
  1039 | D:2      | Found a basalt altar of Yredelemnul.
  1210 | D:2      | Reached XP level 5. HP: 7/42 MP: 5/5
  1479 | D:2      | Found an opulent altar of Gozag.
  1510 | D:2      | Found a sparkling altar of Nemelex Xobeh.
  2043 | D:3      | Found a bloodstained altar of Trog.
  2284 | D:3      | Gained mutation: You are partially covered in thin metallic
                  | scales. (AC +2) [demonic ancestry]
  2284 | D:3      | Reached XP level 6. HP: 38/48 MP: 2/6
  2472 | D:3      | Noticed Ijyb
  2507 | D:3      | Killed Ijyb
  2507 | D:3      | Reached skill level 5 in Shields
  3132 | D:4      | Found an iron altar of Okawaru.
  3161 | D:4      | Became a worshipper of Warmaster Okawaru
  3172 | D:4      | Reached skill level 1 in Invocations
  3652 | D:4      | Reached skill level 2 in Invocations
  3652 | D:4      | Reached XP level 7. HP: 54/54 MP: 8/8
  3844 | D:4      | Reached skill level 3 in Invocations
  4070 | D:5      | Entered Level 5 of the Dungeon
  4078 | D:5      | Reached * piety under Okawaru
  4119 | D:5      | Found a shimmering altar of Xom.
  4194 | D:5      | Found a hide-covered altar of Uskayaw.
  4219 | D:5      | Found a staircase to the Ecumenical Temple.
  4504 | D:4      | Reached skill level 4 in Invocations
  4683 | D:5      | Reached skill level 5 in Axes
  4683 | D:5      | Reached XP level 8. HP: 60/60 MP: 11/11
  4939 | D:5      | Reached skill level 5 in Invocations
  5235 | D:6      | Reached ** piety under Okawaru
  5271 | D:6      | Reached skill level 6 in Invocations
  6143 | D:6      | Reached skill level 7 in Invocations
  6308 | D:7      | Gained mutation: You have razor-sharp toenails. [demonic
                  | ancestry]
  6308 | D:7      | Reached XP level 9. HP: 54/65 MP: 14/14
  6552 | D:7      | Found a shadowy altar of Dithmenos.
  6721 | D:7      | Noticed Harold
  6746 | D:7      | Killed Harold
  6746 | D:7      | Reached *** piety under Okawaru
  6746 | D:7      | Reached skill level 8 in Invocations
  7227 | D:7      | Reached skill level 9 in Invocations
  7439 | D:8      | Noticed Grum
  7579 | D:8      | Killed Grum
  7628 | D:8      | Reached **** piety under Okawaru
  7643 | D:8      | Reached XP level 10. HP: 71/71 MP: 17/17
  7708 | D:8      | Noticed Psyche
  7711 | D:8      | Noticed Erica
  7718 | D:8      | Killed Psyche
  7773 | D:8      | Killed Erica
  7773 | D:8      | Reached skill level 10 in Invocations
  8108 | D:8      | Reached ***** piety under Okawaru
  9191 | D:10     | Entered Level 10 of the Dungeon
  9206 | D:10     | Noticed a centaur warrior
  9217 | D:10     | Killed a centaur warrior
  9217 | D:10     | Reached skill level 11 in Invocations
  9267 | D:10     | Killed an unseen horror
  9452 | D:10     | Gained mutation: You regenerate a little health from kills.
                  | [demonic ancestry]
  9452 | D:10     | Reached XP level 11. HP: 66/77 MP: 19/19
  9454 | D:10     | Reached skill level 12 in Invocations
  9526 | D:10     | Identified the +0 robe "Isediyg" {Rampage Int+4}
  9881 | D:10     | Noticed an oklob plant
  9894 | D:10     | Found a staircase to the Lair.
  9901 | D:10     | Killed an oklob plant
 10294 | D:11     | Noticed Sonja
 10921 | D:11     | Killed Sonja
 10921 | D:11     | Reached skill level 10 in Axes
 10981 | D:11     | Received a gift from Okawaru
 11050 | D:11     | Noticed a two-headed ogre
 11056 | D:11     | Noticed a two-headed ogre
 11061 | D:11     | Killed a two-headed ogre
 11066 | D:11     | Killed a two-headed ogre
 11066 | D:11     | Reached skill level 13 in Invocations
 11170 | D:11     | Noticed a brown ugly thing
 11184 | D:11     | Killed a brown ugly thing
 11269 | D:11     | Noticed a two-headed ogre
 11278 | D:11     | Killed a two-headed ogre
 11278 | D:11     | Reached ****** piety under Okawaru
 11435 | D:11     | Reached skill level 5 in Armour
 11712 | D:11     | Found a shimmering altar of Xom.
 11836 | D:12     | Killed an unseen horror
 11888 | D:12     | Noticed a boulder beetle
 12023 | D:12     | Noticed a seven-headed hydra
 12051 | D:12     | Killed a two-headed hydra
 12051 | D:12     | Received a gift from Okawaru
 12064 | D:11     | Reached XP level 12. HP: 11/83 MP: 22/22
 12455 | D:12     | Found a staircase to the Orcish Mines.
 12472 | D:12     | Reached skill level 14 in Invocations
 12871 | D:12     | Noticed a two-headed ogre
 12879 | D:12     | Killed a two-headed ogre
 12926 | D:12     | Killed a boulder beetle
 13388 | D:12     | Found a shadowy altar of Dithmenos.
 13706 | D:13     | Reached skill level 15 in Invocations
 13874 | D:13     | Noticed Erolcha
 13887 | D:13     | Killed Erolcha
 14028 | D:13     | Noticed a centaur warrior
 14038 | D:13     | Killed a centaur warrior
 14115 | D:13     | Noticed a vault guard
 14120 | D:13     | Noticed a vault guard
 14135 | D:13     | Killed a vault guard
 14175 | D:13     | Killed a vault guard
 14175 | D:13     | Gained mutation: You regenerate health from kills. [demonic
                  | ancestry]
 14175 | D:13     | Reached XP level 13. HP: 63/88 MP: 24/24
 14195 | D:13     | Received a gift from Okawaru
 14252 | D:13     | Noticed Frances
 14276 | D:12     | HP: 2/88 [Frances/+0 scimitar (12)]
 14277 | D:12     | Slain by Frances

Illustrated notes

Levels and vault maps discovered:
D:1:      roderic_dead_forest, layout_rooms, serial_glass, glass_columns_a,
          glass_columns_c, minmay_shallow_snake_nest
D:2:      layout_loops_ring, lemuel_crystal_altar,
          lemuel_zombie_altar_yredelemnul, nemelex_xobeh_ov_fountains_minmay,
          minmay_liquid_box, grunt_gozag_statues, uniq_robin
D:3:      kennysheep_the_goblin_king, layout_basic, trog_butcher_becter
D:4:      minmay_diamond_boxcup, layout_basic, overflow_temple_1_default,
          nrook_mini_vaults
D:5:      layout_cave_pools, lemuel_round_altar,
          minmay_temple_entry_proselytizer, kennysheep_decorative_pillar,
          lemuel_statue_altar
D:6:      layout_basic, nrook_campfire
D:7:      layout_rooms, kennysheep_little_box, uniq_harold
D:8:      layout_basic, kennysheep_generic_room_3, uniq_erica, uniq_grum,
          uniq_psyche
D:9:      layout_basic
D:10:     layout_rooms, dpeg_oklobed_lair, special_room [special_room_orc]
D:11:     layout_basic, enter_bailey_2, kb_xom_exploding_sheep, uniq_sonja
D:12:     layout_roguey, david_orc_3, chequers_garden, grunt_dithmenos_shadows
D:13:     layout_basic, grunt_vaults_entry_fortified, serial_shops,
          shop_fountains, uniq_erolcha, uniq_frances

Skill      XL: |  1  2  3  4  5  6  7  8  9 10 11 12 |
---------------+-------------------------------------+-----
Axes           | 2 3 4 5 6 7 9 10 12 | 12.3
Shields        | 3 4 5 6 7 8 9 |  9.2
Fighting       | 4 |  4.1
Invocations    | 2 4 7 9 11 13 15 | 15.0
Armour         | 5 8 |  8.5

Action                   |  1- 3 |  4- 6 |  7- 9 | 10-12 | 13-15 || total
-------------------------+-------+-------+-------+-------+-------++-------
Melee: War axe           |    25 |       |       |       |       ||    25
       Hand axe          |    35 |    16 |       |       |       ||    51
       Dagger            |     5 |   148 |   102 |       |       ||   255
       Short sword       |       |       |     5 |       |       ||     5
       Spear             |       |       |   170 |    93 |       ||   263
       Battleaxe         |       |       |       |   135 |       ||   135
       Broad axe         |       |       |       |   377 |    14 ||   391
       Scimitar          |       |       |       |     6 |       ||     6
Invok: Heroism           |       |       |       |     4 |       ||     4
  Use: Potion            |       |       |     1 |     2 |       ||     3
       Scroll            |       |       |     9 |    10 |       ||    19
Armor: Scale mail        |    31 |    41 |    71 |       |       ||   143
       Chain mail        |       |       |    33 |   141 |       ||   174
       Skin              |       |       |       |     2 |       ||     2
       Plate armour      |       |       |       |   286 |     7 ||   293
Dodge: Dodged            |    14 |    25 |    51 |   146 |     1 ||   237
Block: Kite shield       |    32 |    79 |   147 |   316 |     6 ||   580
       Rpst.: Scimitar   |       |       |       |     1 |       ||     1

Table legend: (Time is in decaauts)
 A = Elapsed time spent in this place.
 B = Non-inter-level travel time spent in this place.
 C = Inter-level travel time spent in this place.
 D = Time resting spent in this place.
 E = Time spent auto-exploring this place.
 F = Levels seen in this place.
 G = Mean time per level.
                   A        B        C        D        E       F      G
               +--------+--------+--------+--------+--------+-----+--------+
         Total |  14414 |  14100 |    314 |   2229 |   9133 |  13 | 1108.8 |
       Dungeon |  14414 |  14100 |    314 |   2229 |   9133 |  13 | 1108.8 |
               +--------+--------+--------+--------+--------+-----+--------+

Top non-repeatable levels by time:
    D:10: 1773 daAuts
    D:12: 1407 daAuts
     D:3: 1367 daAuts
     D:7: 1265 daAuts
    D:11: 1246 daAuts
     D:4: 1227 daAuts
     D:2: 1149 daAuts
     D:5: 1070 daAuts
     D:9: 903 daAuts
     D:6: 880 daAuts
    D:13: 755 daAuts
     D:8: 726 daAuts
     D:1: 640 daAuts
